 Dungeon Crawl Stone Soup version 0.30.0-20-g3615ddf2f0 (webtiles) character file.

Game seed: 4031268064902043805

461 qw the Chopper (level 7, -5/43 HPs)
             Began as a Gargoyle Fighter on May 31, 2023.
             Slain by a lemure (7 damage)
             ... led by Pikel
             ... on level 4 of the Dungeon.
             The game lasted 00:01:36 (2511 turns).

qw the Chopper (Gargoyle Fighter)                   Turns: 2511, Time: 00:01:37

Health: -5/43      AC: 19    Str: 21    XL:     7   Next: 7%
Magic:  7/7        EV:  6    Int:  9    God:
Gold:   171        SH:  4    Dex:  9    Spells: 6/6 levels left

rFire   . . .        Y - +1 war axe
rCold   . . .        c - +0 buckler
rNeg    + . .        i - +0 plate armour
rPois   inf          a - +0 helmet
rElec   +            (no cloak)
rCorr   .            n - +0 pair of gloves
SInv    .            (no boots)
Will    .....        (no amulet) Stlth
                     (no ring)
HPRegen 0.27/turn    (no ring)
MPRegen 0.10/turn

%: no passive effects
@: no status effects
A: sickness immunity, AC +4, negative energy resistance 1, electricity
resistance, torment resistance 1, petrification resistance
a: no special abilities


You were on level 4 of the Dungeon.
You visited 1 branch of the dungeon, and saw 4 of its levels.

You collected 171 gold pieces.


Innate Abilities, Weirdness & Mutations

You are immune to sickness and miasma.
Your stone body is resilient. (AC +4)
You are immune to poison.
You resist negative energy. (rN+)
You are resistant to electric shocks. (rElec)
You are resistant to unholy torment.
You are immune to petrification.


   Skills:
 - Level 4.0 Fighting
 + Level 6.1 Axes
 - Level 4.1 Armour
 - Level 3.2 Shields


You had 6 spell levels left.
You didn't know any spells.
Your spell library was empty.

Inventory:

Hand Weapons
 e - a +0 whip
 Y - a +1 war axe (weapon)
Missiles
 g - a boomerang (quivered)
Armour
 a - a +0 helmet (worn)
 c - a +0 buckler (worn)
 i - a +0 plate armour (worn)
 n - a +0 pair of gloves (worn)
Scrolls
 j - a scroll of identify
Potions
 b - a potion of heal wounds {unknown}
 d - a potion of might
 f - a potion of curing
 l - a potion of mutation

Dungeon Overview and Level Annotations

Branches:
Dungeon (4/15)
 Temple: D:4-7

Altars:
Ashenzari

Shops:
D:2 =

Annotations:
D:4 Pikel


Message History

The lemure is lightly wounded.
You closely miss Pikel.
Your attacks no longer feel as feeble.
The gnoll hits you but does no damage. Pikel hits you but does no damage.
The lemure barely misses you.
You barely miss the lemure.
The lemure is lightly wounded.
You hit Pikel but do no damage.
The gnoll hits you from afar with a +0 spear.
Pikel hits you but does no damage. The lemure hits you but does no damage.
The gnoll barely misses you.
You closely miss the lemure.
The lemure is lightly wounded.
You closely miss Pikel. You closely miss the lemure.
Pikel hits you with a +0 whip of freezing.
Pikel freezes you. You block the lemure's attack. The lemure hits you.
The gnoll hits you but does no damage. The lemure hits you but does no damage.
Pikel scowls and wipes his hands on his robe.
Pikel hits you with a +0 whip of freezing.
Pikel freezes you. The lemure hits you but does no damage.
You hit the lemure but do no damage.
The lemure is lightly wounded.
You hit Pikel but do no damage. You barely miss the lemure.
The gnoll completely misses you.
Pikel hits you with a +0 whip of freezing.
Pikel freezes you. The lemure hits you but does no damage.
You block the lemure's attack.
You hit the lemure.
The lemure is moderately wounded.
You hit Pikel but do no damage. You hit the lemure but do no damage.
You block the gnoll's attack. Pikel barely misses you.
The lemure hits you but does no damage. The lemure closely misses you.
You barely miss the lemure.
The lemure is moderately wounded.
You hit the lemure. You hit Pikel. The gnoll hits you but does no damage.
Pikel hits you but does no damage. The lemure hits you but does no damage.
An endoplasm comes into view.
The lemure hits you!
You die...

. #........#
.###........######+#
............#......#
#...........+......##+###
#...........#.....#.....#
####...%................#
'.######...#............#
#..#.......#............#
##.#..[....#+###@##.....#
...............55K...####
................5.g.....
.....##.................
...#..#..................
...##.+>.................
#.....#.............$###
......#..........J...#
......#........


You could see Pikel, 3 lemures, a gnoll and an endoplasm (wandering).

Vanquished Creatures
  Grinder (D:4)
  A lemure (D:4)
  A jelly (D:4)
  A hound (D:4)
  A gnoll bouda (D:4)
  Robin (D:3)
  4 gnolls (D:4)
  3 adders
  2 worms (D:2)
  2 dart slugs
  4 orcs
  5 bats (D:2)
  5 endoplasms
  2 giant cockroaches
  11 goblins
  13 hobgoblins
  5 jackals
  2 quokkas
  9 ball pythons
  3 frilled lizards
  7 kobolds
  8 rats
91 creatures vanquished.

Notes
Turn   | Place    | Note
-------+----------+-------------------------------------------
     0 | D:1      | qw the Gargoyle Fighter began the quest for the Orb.
     0 | D:1      | Reached XP level 1. HP: 14/14 MP: 1/1
     0 | D:1      | 0 ||| qw: Version: 0.2-a-102-gfc559e5
     0 | D:1      | 0 ||| qw: Game counter: 554
     0 | D:1      | 0 ||| qw: Always use a shield: true
     0 | D:1      | 0 ||| qw: God list: Okawaru
     0 | D:1      | 0 ||| qw: Allow faded altars: false
     0 | D:1      | 0 ||| qw: Do Orc after D:15 true
     0 | D:1      | 0 ||| qw: Do second Lair branch before Depths: true
     0 | D:1      | 0 ||| qw: Lair rune preference: random
     0 | D:1      | 0 ||| qw: Plans: Normal, Zot:1-4, Slime:5, God:TSO, Crypt,
                  | Tomb, Pan, Hells, Abyss, Win
     0 | D:1      | 0 ||| PLANNING D:1-11
    16 | D:1      | 16 ||| Stepping ~*~*~tactically~*~*~ (hiding).
    55 | D:1      | Reached skill level 2 in Axes
    60 | D:1      | Reached XP level 2. HP: 10/19 MP: 2/2
   216 | D:1      | 216 ||| Stepping ~*~*~tactically~*~*~ (hiding).
   623 | D:1      | Reached skill level 3 in Axes
   698 | D:1      | Reached XP level 3. HP: 23/23 MP: 3/3
   732 | D:1      | 732 ||| UPGRADING to +0 plate armour.
   742 | D:1      | 742 ||| DROPPING +0 scale mail.
   743 | D:1      | 743 ||| UPGRADING to +0 pair of gloves.
   748 | D:1      | 748 ||| DROPPING amulet of magic regeneration.
   749 | D:1      | 749 ||| READING scroll labelled KEOBA FEERAGIE.
   750 | D:1      | 750 ||| READING 4 scrolls labelled DONYER PONIO.
   751 | D:1      | 751 ||| READING scroll labelled PEROIDEYLL.
   752 | D:1      | 752 ||| DRINKING 2 purple potions.
   753 | D:1      | 753 ||| READING 3 scrolls of identify.
   753 | D:1      | 753 ||| IDENTIFYING fuming amethyst potion
   754 | D:1      | 754 ||| READING 2 scrolls of identify.
   754 | D:1      | 754 ||| IDENTIFYING fizzy blue potion
   755 | D:1      | 755 ||| DROPPING potion of degeneration.
   949 | D:2      | 949 ||| Stepping ~*~*~tactically~*~*~ (hiding).
   954 | D:2      | 954 ||| Stepping ~*~*~tactically~*~*~ (hiding).
   956 | D:2      | 956 ||| Stepping ~*~*~tactically~*~*~ (stealth).
   958 | D:2      | 958 ||| Stepping ~*~*~tactically~*~*~ (stealth).
   965 | D:2      | 965 ||| Stepping ~*~*~tactically~*~*~ (stealth).
   966 | D:2      | 966 ||| FLEEEEING.
   967 | D:2      | 967 ||| FLEEEEING.
  1034 | D:2      | Reached XP level 4. HP: 28/28 MP: 4/4
  1217 | D:2      | Reached skill level 4 in Axes
  1241 | D:2      | Found Unaoxust's One-of-a-Kind Rings.
  1246 | D:2      | 1246 ||| SHOPLISTING +3 ring of evasion (130 gold, have
                  | 53).
  1246 | D:2      | 1246 ||| SHOPLISTING +5 ring of dexterity (273 gold, have
                  | 53).
  1246 | D:2      | 1246 ||| SHOPLISTING +5 ring of protection (715 gold, have
                  | 53).
  1246 | D:2      | 1246 ||| SHOPLISTING ring "Iriqeef" {rC+ Dex+4} (525 gold,
                  | have 53).
  1246 | D:2      | 1246 ||| SHOPLISTING ring "Toquileo" {rCorr Int+4 Dex+2}
                  | (514 gold, have 53).
  1246 | D:2      | 1246 ||| SHOPLISTING ring of Cetiuzah {+Blink rPois EV+5
                  | Str-3} (622 gold, have 53).
  1246 | D:2      | 1246 ||| SHOPLISTING ring of Noweing {rCorr SInv} (358
                  | gold, have 53).
  1349 | D:2      | 1349 ||| READING scroll labelled RIH SOSOEDGH.
  1350 | D:2      | 1350 ||| READING scroll labelled ELLAOM KOLOKK.
  1351 | D:2      | 1351 ||| READING scroll labelled JOVEINGUFU.
  1352 | D:2      | 1352 ||| READING scroll labelled FIN LOFISMIO.
  1353 | D:2      | 1353 ||| READING 2 scrolls of identify.
  1353 | D:2      | 1353 ||| IDENTIFYING viscous cyan potion
  1354 | D:2      | 1354 ||| DROPPING potion of magic.
  1394 | D:3      | Noticed Robin
  1397 | D:3      | 1397 ||| Stepping ~*~*~tactically~*~*~ (hiding).
  1425 | D:3      | Killed Robin
  1427 | D:3      | 1427 ||| FLEEEEING.
  1428 | D:3      | 1428 ||| FLEEEEING.
  1429 | D:3      | 1429 ||| FLEEEEING.
  1434 | D:3      | 1434 ||| STAIRDANCE
  1462 | D:3      | 1462 ||| Stepping ~*~*~tactically~*~*~ (hiding).
  1474 | D:3      | 1474 ||| Stepping ~*~*~tactically~*~*~ (stealth).
  1475 | D:3      | 1475 ||| Stepping ~*~*~tactically~*~*~ (stealth).
  1477 | D:3      | 1477 ||| Stepping ~*~*~tactically~*~*~ (hiding).
  1500 | D:3      | Found a broken altar of Ashenzari.
  2202 | D:3      | 2202 ||| UPGRADING to +0 helmet.
  2207 | D:3      | 2207 ||| READING scroll labelled ENIOCHUOXU.
  2210 | D:3      | 2210 ||| READING scroll labelled LUNGEGOTIO.
  2243 | D:4      | Noticed Grinder
  2244 | D:4      | 2244 ||| Stepping ~*~*~tactically~*~*~ (hiding).
  2247 | D:4      | Paralysed by Grinder for 5 turns
  2265 | D:4      | Killed Grinder
  2266 | D:4      | Reached skill level 6 in Axes
  2266 | D:4      | Reached XP level 5. HP: 24/32 MP: 5/5
  2266 | D:4      | Reached XP level 6. HP: 28/37 MP: 6/6
  2310 | D:4      | 2310 ||| Stepping ~*~*~tactically~*~*~ (stealth).
  2322 | D:4      | 2322 ||| FLEEEEING.
  2401 | D:4      | 2401 ||| Stepping ~*~*~tactically~*~*~ (hiding).
  2404 | D:4      | 2404 ||| Stepping ~*~*~tactically~*~*~ (hiding).
  2407 | D:4      | 2407 ||| Stepping ~*~*~tactically~*~*~ (hiding).
  2484 | D:4      | 2484 ||| Stepping ~*~*~tactically~*~*~ (stealth).
  2487 | D:4      | 2487 ||| Stepping ~*~*~tactically~*~*~ (stealth).
  2498 | D:4      | Noticed Pikel
  2502 | D:4      | Reached XP level 7. HP: 17/43 MP: 7/7
  2508 | D:4      | HP: 9/43 [Pikel/+0 whip of freezing (3)]
  2509 | D:4      | HP: 3/43 [Pikel/+0 whip of freezing (5)]
  2509 | D:4      | HP: 1/43 [Pikel/+0 whip of freezing (2)]
  2511 | D:4      | Slain by a lemure

Levels and vault maps discovered:
D:1:      minmay_arrival_doors, layout_loops_ring
D:2:      layout_rooms, serial_bayou_pond_b, minivault_14,
          nicolae_shop_unique_rings, nicolae_titane
D:3:      layout_loops_ring, mainiacjoe_overflow_surrounded_room, minivault_4,
          uniq_robin
D:4:      layout_basic, overflow_temple_1_default, mainiacjoe_overflow_alcove_2,
          uniq_grinder, uniq_pikel

Skill      XL: |  1  2  3  4  5  6 |
---------------+-------------------+-----
Axes           | 2 3 6 |  6.1
Fighting       | 4 |  4.0
Armour         | 4 |  4.1
Shields        | |  3.2

Action                     |  1- 3 |  4- 6 |  7- 9 || total
---------------------------+-------+-------+-------++-------
  Melee: War axe           |   108 |   145 |    10 ||   263
  Throw: Boomerang         |       |    11 |       ||    11
    Use: Scroll            |     5 |     7 |       ||    12
         Potion            |     1 |       |       ||     1
 Armour: Scale mail        |    19 |       |       ||    19
         Plate armour      |    50 |   112 |    18 ||   180
  Dodge: Dodged            |    29 |    31 |    10 ||    70
  Block: Buckler           |    19 |    28 |     6 ||    53

Table legend:
 A = Non-vault XP
 B = Vault XP
 C = Vault XP percentage of total XP
 D = Non-vault monster count
 E = Vault monster count
 F = Vault count percentage of total count
                 A         B        C        D         E       F
            +---------+---------+-------+---------+---------+-------
      Total |     334 |     325 |  49.3 |      71 |      19 |  21.1
            +---------+---------+-------+---------+---------+-------
        D:1 |      34 |       0 |   0.0 |      23 |       0 |   0.0
        D:2 |      52 |      16 |  23.5 |      20 |       8 |  28.6
        D:3 |      20 |      32 |  61.5 |      11 |      10 |  47.6
        D:4 |     228 |     277 |  54.9 |      17 |       1 |   5.6
            +---------+---------+-------+---------+---------+-------
